 Dungeon Crawl Stone Soup version 0.26.1-10-gdfb7c7de75 (webtiles) character file.

Game seed: 14624952304430511200

481 Descartes the Magician (level 6, -2/34 HPs)
             Began as a Deep Elf Wanderer on Apr 6, 2021.
             Slain by a scorpion (4 damage)
             ... on level 4 of the Dungeon.
             The game lasted 00:15:21 (5838 turns).

Descartes the Magician (Deep Elf Wanderer)          Turns: 5838, Time: 00:15:22

Health: -2/34      AC:  4    Str:  7    XL:     6   Next: 87%
Magic:  12/17      EV: 12    Int: 21    God:
Gold:   240        SH:  0    Dex: 14    Spells: 16/17 levels left

rFire    + . .     SeeInvis .   f - +2 dagger (elec)
rCold    . . .     Faith    .   (no shield)
rNeg     + . .     Spirit   .   A - +1 robe {rF+}
rPois    .         Reflect  .   n - +0 helmet
rElec    .         Harm     .   (no cloak)
rCorr    .         Rampage  .   (no gloves)
Will     .....                  (no boots)
Stlth    +.........             (no amulet)
HPRegen  0.11/turn              r - ring of positive energy
MPRegen  0.15/turn              d - ring of flight

@: lethally poisoned (-2 -> -21)
A: no striking features
a: Evoke Flight


You were on level 4 of the Dungeon.
You visited 1 branch of the dungeon, and saw 4 of its levels.
You also visited: Sewer.

You collected 240 gold pieces.

Inventory:

Hand Weapons
 f - a +2 dagger of electrocution (weapon)
 y - a +1 dagger of venom
Missiles
 c - 10 poisoned darts (quivered)
 h - 22 boomerangs
 i - 97 stones
 j - 22 sling bullets
 o - 20 arrows
 q - 20 bolts
Armour
 e - a +0 robe
 n - a +0 helmet (worn)
 A - a +1 robe of fire resistance (worn)
Jewellery
 d - a ring of flight (right hand)
 r - a ring of positive energy (left hand)
Scrolls
 b - 2 scrolls of teleportation
 k - a scroll of blinking {unknown}
 l - 3 scrolls of remove curse
 t - a scroll of enchant weapon {unknown}
 v - a scroll of amnesia
 w - a scroll of immolation {unknown}
 B - a scroll of identify
Potions
 a - 6 potions of curing
 g - a potion of magic {unknown}
 m - a potion of heal wounds
 p - 2 potions of flight
 s - a potion of lignification
 u - a potion of ambrosia
 x - a potion of invisibility
 z - a potion of haste


   Skills:
 - Level 1.0 Fighting
 + Level 1.5 Short Blades
 - Level 1.3 Bows
 - Level 2.0 Throwing
 - Level 1.0 Armour
 + Level 2.2 Dodging
 - Level 6.0 Spellcasting
 + Level 5.7 Conjurations
 - Level 2.1 Earth Magic


You had 16 spell levels left.
You knew the following spells:

 Your Spells              Type           Power        Failure   Level
a - Magic Dart            Conj           100%         1%          1

Your spell library contained the following spells:

 Spells                   Type           Power        Failure   Level
 Conjure Flame            Conj/Fire      18%          9%          3
 Blink                    Tloc           N/A          14%         2
 Call Imp                 Summ           6%           14%         2
 Slow                     Hex            6%           14%         2
 Mephitic Cloud           Conj/Pois/Air  14%          14%         3


Dungeon Overview and Level Annotations

Branches:
Dungeon (4/15)              Sewer (visited)
 Temple: D:4-7

Altars:
Sif Muna
Yredelemnul


Message History

You are too injured to fight recklessly!
Casting: Magic Dart (safe; 1% risk of failure)
Confirm with . or Enter, or press ? or * to list all spells.
Aiming: Magic Dart (safe; 1% risk of failure)
Press: ? - help, Shift-Dir - straight line, f/p - scorpion
Aim: a scorpion (almost dead, 0% to evade)
The magic dart hits the scorpion.
The scorpion is almost dead.
You feel sick. The scorpion barely misses you.
You closely miss the scorpion.
The scorpion is almost dead.
You feel sick. The scorpion stings you!
* * * LOW HITPOINT WARNING * * *
You are more poisoned.
The scorpion poisons you!
You hit the scorpion but do no damage.
The scorpion is almost dead.
* * * LOW HITPOINT WARNING * * *
You feel sick. The scorpion stings you.
You die...

#...#.......## ..
#...#........# #.
#...##...##..#
#.####...##)####..#
#........#.........
#........'.........
#........#.........
#........##...###..
#..@.....##...######
#.s########.....#...
#.. #......#... #..
#......'... #..
##....##... #..
#######... ... #....
... #.... #....


You could see a scorpion.

Vanquished Creatures
  Blork the orc (D:4)
  A big kobold (Sewer)
  A hound (D:3)
  An orc wizard (D:3)
  Jessica (D:3)
  A worker ant (D:4)
  Robin (D:1)
  A howler monkey skeleton (D:4)
  4 adders (D:3)
  3 river rats (D:3)
  An ooze (D:2)
  An adder skeleton (D:4)
  2 worms (D:2)
  3 dart slugs
  6 leopard geckos
  7 orcs (D:4)
  3 giant cockroaches
  17 goblins
  20 hobgoblins
  9 jackals
  A ball python (D:4)
  7 bats
  3 frilled lizards
  11 kobolds
  A quokka skeleton (D:4)
  19 rats
126 creatures vanquished.

Notes
Turn   | Place    | Note
-------+----------+-------------------------------------------
     0 | D:1      | Descartes the Deep Elf Wanderer began the quest for the
                  | Orb.
     0 | D:1      | Descartes set off with the following items: a +0 dagger, a
                  | scroll of teleportation, 11 poisoned darts, a +0 robe; and
                  | the following spell memorised: Magic Dart; and the
                  | following spells available to memorise: Blink, Call Imp,
                  | Slow, Conjure Flame, Mephitic Cloud
     0 | D:1      | Reached XP level 1. HP: 12/12 MP: 5/5
   114 | D:1      | Reached skill level 2 in Spellcasting
   268 | D:1      | Reached XP level 2. HP: 16/16 MP: 1/7
   802 | D:1      | Reached skill level 3 in Spellcasting
   839 | D:1      | Reached XP level 3. HP: 14/20 MP: 0/9
  1801 | D:2      | Reached XP level 4. HP: 21/25 MP: 3/11
  1996 | D:2      | Found a shimmering blue altar of Sif Muna.
  2061 | D:2      | Reached skill level 4 in Spellcasting
  2397 | D:2      | Noticed Robin
  2542 | D:1      | Killed Robin
  2948 | D:2      | Found a basalt altar of Yredelemnul.
  3146 | D:3      | Reached XP level 5. HP: 27/29 MP: 5/14
  3235 | D:3      | HP: 1/29 [river rat (2)]
  3239 | D:3      | Found a glowing drain.
  3245 | Sewer    | Entered a sewer
  3248 | Sewer    | Reached skill level 5 in Spellcasting
  3389 | Sewer    | Reached skill level 5 in Conjurations
  3531 | Sewer    | Found a white marble altar of Elyvilon.
  3827 | D:3      | Noticed Jessica
  3832 | D:3      | Killed Jessica
  3833 | D:3      | Reached XP level 6. HP: 31/34 MP: 14/16
  4791 | D:4      | Noticed Blork the orc
  5006 | D:4      | Killed Blork the orc
  5007 | D:4      | Reached skill level 1 in Dodging
  5007 | D:4      | Reached skill level 6 in Spellcasting
  5358 | D:3      | Reached skill level 1 in Short Blades
  5838 | D:4      | Slain by a scorpion

Illustrated notes

Levels and vault maps discovered:
D:1:      tarquinn_simple_flora_water_b, layout_rooms
D:2:      layout_basic, lemuel_round_altar, nicolae_overflow_crystal_walls,
          minmay_stone_trees_medium, uniq_robin
D:3:      layout_loops_ring, lightli_sewer_entry_pipes, grunt_decor_junction,
          serial_bayou_pond_a, uniq_jessica
D:4:      minmay_spotlight, layout_gridville, minmay_large_rounded_square,
          uniq_blork_the_orc

Skill      XL: |  1  2  3  4  5  6 |
---------------+-------------------+-----
Spellcasting   | 2 3 4 5 6 |  6.0
Conjurations   | 3 4 5 |  5.7
Dodging        | 2 |  2.2
Short Blades   | 1 |  1.5
Fighting       | |  1.0
Bows           | |  1.3
Throwing       | |  2.0
Armour         | |  1.0
Earth Magic    | |  2.1

Action                   |  1- 3 |  4- 6 || total
-------------------------+-------+-------++-------
Melee: Dagger            |    21 |    60 ||    81
Throw: Dart              |       |    12 ||    12
 Cast: Magic Dart        |   118 |   167 ||   285
  Use: Scroll            |     2 |     8 ||    10
       Potion            |     2 |     3 ||     5
Armor: Robe              |     9 |    15 ||    24
Dodge: Dodged            |    22 |    45 ||    67
